Blackdemons vs Punishers
Created - 7 mars 2015 at 01:12
Goals
|
| Blackdemons |
1 |
1 |
0 |
2 |
| Punishers |
3 |
0 |
0 |
3 |
|
Shots
|
| Blackdemons |
11 |
19 |
14 |
44 |
| Punishers |
12 |
11 |
6 |
29 |
|
1st period
1. Punishers , Erik Condra 22 (Zach Jones) at 2:50
2. Blackdemons , Barry Tallackson 29 (Calvin de Haan, Shawn Matthias) at 6:05
3. Punishers , Éric Perrin 42 (Kris Chucko, Adam Pineault) at 13:28
4. Punishers , Éric Perrin 43 (Richard Zednik) at 15:15 (PP)
Penalties :
Matt Calvert (MJM) for Holding (Minor) at 15:07
2nd period
5. Blackdemons , Barry Tallackson 30 (Jakub Kindl, Brendon Nash) at 16:35 (PP)
Penalties :
Mike Weber (Pro) for Slashing (Minor) at 1:49, Brad Isbister (Pro) for Tripping (Minor) at 16:06
3rd period
No Goal
Penalties :
Jack Hillen (Pro) for High sticking (Minor) at 5:17, Brandon McMillan (Pro) for Roughing (Minor) at 11:55, Éric Perrin (Pro) for Holding (Minor) at 19:15
Goalie Stats
Martin Biron (MJM), 26 saves from 29 shots - (0,897), L, 40-13-4, 59:01 minutes
Kevin Poulin (Pro), 42 saves from 44 shots - (0,955), W, 23-8-6, 60:00 minutes
Players Stats for Blackdemons
Player Name G A P +/- PIM S H SB GA TA FO MP PP MP PK MP
------------------------------------------------------------------------------------
Alyn McCauley 0 0 0 -1 0 2 2 0 0 0 1/1 9:02 0:44 0:00
Barry Tallackson 2 0 2 0 0 6 6 0 1 0 1/1 17:20 2:59 0:00
Brendon Nash 0 1 1 0 0 3 1 5 0 1 0/0 24:55 2:12 0:08
Calvin de Haan 0 1 1 0 0 0 1 0 0 0 0/0 13:42 1:13 0:00
Enver Lisin 0 0 0 0 0 5 1 0 1 1 2/4 22:06 3:39 0:00
Jakub Kindl 0 1 1 -1 0 1 2 1 0 1 0/0 21:23 3:45 0:00
Luca Caputi 0 0 0 -1 0 0 1 0 0 0 0/1 8:26 0:20 0:00
Mathieu Dandenault 0 0 0 0 0 2 4 0 1 0 0/0 13:00 0:16 0:08
Matt Calvert 0 0 0 0 2 1 0 0 1 0 0/0 14:47 2:18 0:00
Matt Irwin 0 0 0 -1 0 5 4 0 0 1 0/0 21:23 3:45 0:00
Michael Haley 0 0 0 0 0 0 2 2 0 0 1/2 15:14 1:04 0:00
Michael Kostka 0 0 0 0 0 2 2 3 0 0 0/0 24:55 2:12 0:08
Sam Gagner 0 0 0 0 0 4 4 0 0 0 18/35 21:28 3:35 0:00
Shawn Matthias 0 1 1 0 0 4 0 0 0 0 4/11 16:27 2:35 0:00
Steve Oleksy 0 0 0 0 0 3 0 0 0 0 0/0 13:42 1:13 0:00
Steven Zalewski 0 0 0 -1 0 0 0 0 0 0 1/1 7:58 0:20 0:00
Wayne Primeau 0 0 0 0 0 3 2 0 1 0 2/8 13:00 0:00 0:08
Zach Boychuk 0 0 0 0 0 3 2 0 1 1 0/1 21:03 3:40 0:00
Players Stats for Punishers
Player Name G A P +/- PIM S H SB GA TA FO MP PP MP PK MP
------------------------------------------------------------------------------------
Adam McQuaid 0 0 0 0 0 1 1 0 0 1 0/0 17:41 0:00 3:09
Adam Pineault 0 1 1 0 0 0 0 1 0 1 0/0 11:29 0:00 0:00
Brad Isbister 0 0 0 1 2 3 0 0 1 0 0/2 21:03 0:08 3:06
Brandon McMillan 0 0 0 -1 2 1 0 1 0 0 4/7 14:34 0:00 0:00
Casey Cizikas 0 0 0 0 0 0 0 0 0 1 5/8 12:45 0:00 1:16
Éric Perrin 2 0 2 1 2 3 2 1 2 0 19/37 20:56 0:08 2:59
Erik Condra 1 0 1 1 0 3 1 0 0 0 1/2 10:25 0:00 2:25
Jack Hillen 0 0 0 1 2 2 2 1 0 0 0/0 14:47 0:00 0:48
Jean-François Jacques 0 0 0 0 0 0 0 0 0 0 0/0 2:02 0:00 2:02
Justin Falk 0 0 0 0 0 0 3 3 0 0 0/0 24:00 0:08 4:01
Keaton Ellerby 0 0 0 0 0 2 5 4 0 0 0/0 28:25 0:08 4:01
Kris Chucko 0 1 1 0 0 1 1 0 1 0 0/0 12:57 0:00 0:50
Lance Bouma 0 0 0 0 0 0 0 0 0 0 0/0 0:00 0:00 0:00
Mike Blunden 0 0 0 0 0 0 0 0 0 0 0/0 0:00 0:00 0:00
Mike Grier 0 0 0 -1 0 2 0 1 0 0 1/1 14:35 0:00 0:00
Mike Weber 0 0 0 0 2 2 2 0 0 2 0/0 16:57 0:00 2:21
Philippe Paradis 0 0 0 1 0 0 1 0 0 0 2/3 8:00 0:00 0:00
Radek Smolenak 0 0 0 1 0 0 0 0 0 0 1/1 8:00 0:00 0:00
Richard Zednik 0 1 1 1 0 5 2 2 1 1 1/1 19:36 0:08 0:51
Simon Despres 0 0 0 0 0 0 2 1 0 0 0/0 4:25 0:00 0:00
Tanner Glass 0 0 0 -1 0 3 2 0 0 0 1/3 16:14 0:00 0:51
Troy Bodie 0 0 0 0 0 0 0 0 0 0 0/0 0:00 0:00 0:00
Zach Jones 0 1 1 1 0 1 2 0 0 0 0/0 13:54 0:00 0:00
3 Stars
1 - Barry Tallackson (MJM)
2 - Éric Perrin (Pro)
3 - Kevin Poulin (Pro)
Power Play
Blackdemons - 1 on 5 Attempt(s) - 20,00%
Punishers - 1 on 1 Attempt(s) - 100,00%
Penalty Kill
Blackdemons - 0 on 1 Attempt(s) - 0,00%
- Score 0 goal in Penalty Kill
Punishers - 4 on 5 Attempt(s) - 80,00%
- Score 0 goal in Penalty Kill
Team Stat
Blackdemons - Hits : 34 - Faceoff Wins : 30 - Blocked Shots : 11 - Penalty Minutes : 2
Punishers - Hits : 26 - Faceoff Wins : 35 - Blocked Shots : 15 - Penalty Minutes : 10
Official
Referees : Walkom Stephen and Dwyer Gord
Linesman : Brian Murphy and Jonny Murray
Game Notes
No Game Note
Finance
Level 1 -- Attendance: 1436 (71,80%) -- Ticket Income 50 260 $
Level 2 -- Attendance: 695 (69,50%) -- Ticket Income 10 425 $
Total Attendance: 2131 (71,03%)
Total Ticket Income: 60 685 $
Other Income: 3 034 $
Total Income: 63 719 $
Blackdemons
5 vs 5 Forward
Center Left Wing Right Wing Time % Phy DF OF
1 Sam Gagner Zach Boychuk Enver Lisin 40 1 2 2
2 Shawn Matthias Michael Haley Barry Tallackson 30 2 2 1
3 Wayne Primeau Matt Calvert Mathieu Dandenault 20 1 3 1
4 Alyn McCauley Luca Caputi Steven Zalewski 10 1 3 1
5 vs 5 Defense
Defense Defense Time % Phy DF OF
1 Michael Kostka Brendon Nash 40 1 3 1
2 Matt Irwin Jakub Kindl 35 1 3 1
3 Calvin de Haan Steve Oleksy 15 1 3 1
4 Calvin de Haan Steve Oleksy 10 1 3 1
PowerPlay Forward
Center Left Wing Right Wing Time % Phy DF OF
1 Sam Gagner Zach Boychuk Enver Lisin 60 1 1 3
2 Shawn Matthias Matt Calvert Barry Tallackson 40 2 1 2
PowerPlay Defense
Defense Defense Time % Phy DF OF
1 Michael Kostka Brendon Nash 60 1 2 2
2 Matt Irwin Jakub Kindl 40 1 2 2
Penalty Kill 4 Players Forward
Center Wing Time % Phy DF OF
1 Wayne Primeau Mathieu Dandenault 60 1 4 0
2 Alyn McCauley Barry Tallackson 40 1 4 0
Penalty Kill 4 Players Defense
Defense Defense Time % Phy DF OF
1 Michael Kostka Brendon Nash 60 1 4 0
2 Matt Irwin Jakub Kindl 40 1 4 0
Penalty Kill - 3 Players Forward
Forward Time % Phy DF OF
1 Wayne Primeau 60 1 4 0
2 Alyn McCauley 40 1 4 0
Penalty Kill - 3 Players Defense
Defense Defense Time % Phy DF OF
1 Michael Kostka Brendon Nash 60 1 4 0
2 Matt Irwin Jakub Kindl 40 1 4 0
4 vs 4 Forward
Center Wing Time % Phy DF OF
1 Sam Gagner Enver Lisin 60 1 1 3
2 Shawn Matthias Barry Tallackson 40 1 2 2
4 vs 4 Defense
Defense Defense Time % Phy DF OF
1 Michael Kostka Brendon Nash 60 1 3 1
2 Matt Irwin Jakub Kindl 40 1 3 1
Last Minutes Offensive
Center Left Wing Right Wing Defense Defense
Sam Gagner Barry Tallackson Enver Lisin Michael Kostka Brendon Nash
Last Minutes Defensive
Center Left Wing Right Wing Defense Defense
Wayne Primeau Alyn McCauley Barry Tallackson Michael Kostka Brendon Nash
Goaltenders
Starting : Martin Biron
Backup : Matt Hackett
Extra Forwards
Normal : Shawn Matthias, Wayne Primeau, Alyn McCauley - PP : Michael Haley, Mathieu Dandenault - PK : Enver Lisin
Extra Defensemen
Normal : Matt Irwin, Steve Oleksy, Calvin de Haan - PP : Steve Oleksy - PK : Steve Oleksy, Calvin de Haan
Penalty Shots
Barry Tallackson, Enver Lisin, Shawn Matthias, Wayne Primeau, Alyn McCauley
Punishers
5 vs 5 Forward
Center Left Wing Right Wing Time % Phy DF OF
1 Éric Perrin Brad Isbister Richard Zednik 40 1 2 2
2 Brandon McMillan Tanner Glass Mike Grier 30 1 2 2
3 Casey Cizikas Kris Chucko Adam Pineault 20 1 2 2
4 Philippe Paradis Radek Smolenak Erik Condra 10 1 2 2
5 vs 5 Defense
Defense Defense Time % Phy DF OF
1 Keaton Ellerby Justin Falk 40 1 2 2
2 Mike Weber Adam McQuaid 30 1 2 2
3 Zach Jones Jack Hillen 20 1 2 2
4 Simon Despres Keaton Ellerby 10 1 2 2
PowerPlay Forward
Center Left Wing Right Wing Time % Phy DF OF
1 Éric Perrin Brad Isbister Richard Zednik 60 1 2 2
2 Brandon McMillan Tanner Glass Mike Grier 40 1 2 2
PowerPlay Defense
Defense Defense Time % Phy DF OF
1 Keaton Ellerby Justin Falk 60 1 2 2
2 Mike Weber Adam McQuaid 40 1 2 2
Penalty Kill 4 Players Forward
Center Wing Time % Phy DF OF
1 Éric Perrin Brad Isbister 60 1 2 2
2 Richard Zednik Tanner Glass 40 1 2 2
Penalty Kill 4 Players Defense
Defense Defense Time % Phy DF OF
1 Keaton Ellerby Justin Falk 60 1 2 2
2 Mike Weber Adam McQuaid 40 1 2 2
Penalty Kill - 3 Players Forward
Forward Time % Phy DF OF
1 Éric Perrin 60 1 2 2
2 Brad Isbister 40 1 2 2
Penalty Kill - 3 Players Defense
Defense Defense Time % Phy DF OF
1 Keaton Ellerby Justin Falk 60 1 2 2
2 Mike Weber Adam McQuaid 40 1 2 2
4 vs 4 Forward
Center Wing Time % Phy DF OF
1 Éric Perrin Brad Isbister 60 1 2 2
2 Richard Zednik Tanner Glass 40 1 2 2
4 vs 4 Defense
Defense Defense Time % Phy DF OF
1 Keaton Ellerby Justin Falk 60 1 2 2
2 Mike Weber Adam McQuaid 40 1 2 2
Last Minutes Offensive
Center Left Wing Right Wing Defense Defense
Éric Perrin Brad Isbister Richard Zednik Keaton Ellerby Justin Falk
Last Minutes Defensive
Center Left Wing Right Wing Defense Defense
Éric Perrin Brad Isbister Richard Zednik Keaton Ellerby Justin Falk
Goaltenders
Starting : Kevin Poulin
Backup : Anton Khudobin
Extra Forwards
Normal : Kris Chucko, Adam Pineault, Erik Condra - PP : Kris Chucko, Adam Pineault - PK : Erik Condra
Extra Defensemen
Normal : Zach Jones, Jack Hillen, Simon Despres - PP : Zach Jones - PK : Jack Hillen, Simon Despres
Penalty Shots
Éric Perrin, Brad Isbister, Richard Zednik, Tanner Glass, Kris Chucko
% Time on Ice - Blackdemons
Lines # - Real PCT - Wanted PCT - Time Play
Normal Forward
1 - 33% - 40% - 17:29
2 - 28% - 30% - 14:35
3 - 24% - 20% - 12:30
4 - 15% - 10% - 7:38
Normal Defense
1 - 44% - 40% - 22:51
2 - 33% - 35% - 17:20
3 - 14% - 15% - 7:11
4 - 9% - 10% - 4:50
PP Forward
1 - 64% - 60% - 4:35
2 - 36% - 40% - 2:35
PP Defense
1 - 39% - 60% - 2:48
2 - 61% - 40% - 4:22
PK Forward
1 - 100% - 60% - 0:08
2 - 0% - 40% - 0:00
PK Defense
1 - 100% - 60% - 0:08
2 - 0% - 40% - 0:00
PK3 Forward
1 - 0% - 60%
2 - 0% - 40%
PK3 Defense
1 - 0% - 60%
2 - 0% - 40%
44 Forward
1 - 0% - 60%
2 - 0% - 40%
44 Defense
1 - 0% - 60%
2 - 0% - 40%
Last Minute Offensive - 0:30
Last Minute Defensive - 0:00
Total
Forward - 60:00
Defense - 60:00
|
% Time on Ice - Punishers
Lines # - Real PCT - Wanted PCT - Time Play
Normal Forward
1 - 33% - 40% - 17:19
2 - 29% - 30% - 15:23
3 - 22% - 20% - 11:29
4 - 15% - 10% - 8:00
Normal Defense
1 - 37% - 40% - 19:20
2 - 28% - 30% - 14:32
3 - 27% - 20% - 13:54
4 - 8% - 10% - 4:25
PP Forward
1 - 100% - 60% - 0:08
2 - 0% - 40% - 0:00
PP Defense
1 - 100% - 60% - 0:08
2 - 0% - 40% - 0:00
PK Forward
1 - 88% - 60% - 6:19
2 - 12% - 40% - 0:51
PK Defense
1 - 56% - 60% - 4:01
2 - 44% - 40% - 3:09
PK3 Forward
1 - 0% - 60%
2 - 0% - 40%
PK3 Defense
1 - 0% - 60%
2 - 0% - 40%
44 Forward
1 - 0% - 60%
2 - 0% - 40%
44 Defense
1 - 0% - 60%
2 - 0% - 40%
Last Minute Offensive - 0:00
Last Minute Defensive - 0:31
Total
Forward - 60:00
Defense - 60:00
|
Play by Play
1st period
0:01 of 1st period - Sam Gagner wins face-off versus Éric Perrin in neutral zone.
0:26 of 1st period - Michael Kostka is hit by Keaton Ellerby and loses puck.
0:53 of 1st period - Mike Weber is hit by Alyn McCauley and loses puck.
1:07 of 1st period - Icing by Adam McQuaid.
1:08 of 1st period - Casey Cizikas wins face-off versus Wayne Primeau in Punishers zone.
1:15 of 1st period - Wrist shot by Erik Condra.
1:15 of 1st period - Shot Misses the Net.
1:17 of 1st period - Slapshot by Adam McQuaid.
1:17 of 1st period - Stopped by Martin Biron without a rebound.
1:18 of 1st period - Radek Smolenak wins face-off versus Sam Gagner in Blackdemons zone.
1:27 of 1st period - Wrist shot by Erik Condra.
1:27 of 1st period - Shot Misses the Net.
1:29 of 1st period - Backhand shot by Zach Jones.
1:29 of 1st period - Stopped by Martin Biron without a rebound.
1:30 of 1st period - Michael Haley wins face-off versus Éric Perrin in Blackdemons zone.
1:30 of 1st period - Michael Haley is hit by Simon Despres.
1:33 of 1st period - Icing by Barry Tallackson.
1:34 of 1st period - Shawn Matthias wins face-off versus Éric Perrin in Blackdemons zone.
1:34 of 1st period - Shawn Matthias is hit by Simon Despres.
2:44 of 1st period - Wrist shot by Erik Condra.
2:44 of 1st period - Shot Misses the Net.
2:46 of 1st period - Snap shot by Zach Jones.
2:46 of 1st period - Shot Misses the Net.
2:50 of 1st period - Snap shot by Erik Condra.
2:50 of 1st period - Goal by Erik Condra - Blackdemons : 0 - Punishers : 1.
2:51 of 1st period - Sam Gagner wins face-off versus Éric Perrin in neutral zone.
3:06 of 1st period - Wrist shot by Brad Isbister.
3:06 of 1st period - Shot Misses the Net.
3:27 of 1st period - Off-side.
3:28 of 1st period - Shawn Matthias wins face-off versus Brandon McMillan in neutral zone.
3:45 of 1st period - Brendon Nash is hit by Tanner Glass and loses puck.
3:52 of 1st period - Mike Grier is hit by Michael Haley and loses puck.
4:33 of 1st period - Slapshot by Shawn Matthias.
4:33 of 1st period - Stopped by Kevin Poulin with a rebound.
4:58 of 1st period - Mike Grier is hit by Barry Tallackson and loses puck.
5:15 of 1st period - Barry Tallackson is hit by Justin Falk and loses puck.
5:24 of 1st period - Justin Falk is hit by Barry Tallackson and loses puck.
5:29 of 1st period - Wrist shot by Barry Tallackson.
5:29 of 1st period - Shot Blocked by Keaton Ellerby.
5:31 of 1st period - Slapshot by Steve Oleksy.
5:31 of 1st period - Stopped by Kevin Poulin with a rebound.
5:33 of 1st period - Slapshot by Michael Haley.
5:33 of 1st period - Shot Blocked by Justin Falk.
5:59 of 1st period - Slapshot by Barry Tallackson.
5:59 of 1st period - Shot Blocked by Mike Grier.
6:01 of 1st period - Wrist shot by Barry Tallackson.
6:01 of 1st period - Shot Misses the Net.
6:05 of 1st period - Wrist shot by Barry Tallackson.
6:05 of 1st period - Goal by Barry Tallackson - Blackdemons : 1 - Punishers : 1.
6:06 of 1st period - Éric Perrin wins face-off versus Sam Gagner in neutral zone.
6:11 of 1st period - Brendon Nash is hit by Jack Hillen and loses puck.
6:37 of 1st period - Slapshot by Michael Kostka.
6:37 of 1st period - Stopped by Kevin Poulin with a rebound.
6:39 of 1st period - Slapshot by Brendon Nash.
6:39 of 1st period - Stopped by Kevin Poulin with a rebound.
6:41 of 1st period - Slapshot by Brendon Nash.
6:41 of 1st period - Deflect By Wayne Primeau.
6:41 of 1st period - Shot Misses the Net.
6:41 of 1st period - Puck is out of play.
6:42 of 1st period - Éric Perrin wins face-off versus Sam Gagner in Punishers zone.
6:55 of 1st period - Backhand shot by Richard Zednik.
6:55 of 1st period - Stopped by Martin Biron without a rebound.
6:56 of 1st period - Éric Perrin wins face-off versus Wayne Primeau in Blackdemons zone.
7:05 of 1st period - Matt Irwin is hit by Richard Zednik and loses puck.
7:50 of 1st period - Brendon Nash is hit by Mike Weber and loses puck.
8:50 of 1st period - Snap shot by Erik Condra.
8:50 of 1st period - Shot Blocked by Brendon Nash.
8:54 of 1st period - Slapshot by Erik Condra.
8:54 of 1st period - Stopped by Martin Biron with a rebound.
9:05 of 1st period - Icing by Michael Kostka.
9:06 of 1st period - Éric Perrin wins face-off versus Luca Caputi in Blackdemons zone.
9:53 of 1st period - Wayne Primeau is hit by Tanner Glass and loses puck.
10:33 of 1st period - Snap shot by Enver Lisin.
10:33 of 1st period - Deflect By Sam Gagner.
10:33 of 1st period - Shot Misses the Net.
10:33 of 1st period - Puck is out of play.
10:34 of 1st period - Sam Gagner wins face-off versus Casey Cizikas in Punishers zone.
10:44 of 1st period - Icing by Jack Hillen.
10:45 of 1st period - Casey Cizikas wins face-off versus Sam Gagner in Punishers zone.
10:58 of 1st period - Snap shot by Enver Lisin.
10:58 of 1st period - Shot Misses the Net.
11:00 of 1st period - Slapshot by Enver Lisin.
11:00 of 1st period - Shot Blocked by Adam Pineault.
11:23 of 1st period - Wrist shot by Barry Tallackson.
11:23 of 1st period - Shot Misses the Net.
11:53 of 1st period - Tanner Glass is hit by Calvin de Haan and loses puck.
12:12 of 1st period - Radek Smolenak is hit by Barry Tallackson and loses puck.
12:23 of 1st period - Snap shot by Erik Condra.
12:23 of 1st period - Shot Misses the Net.
12:37 of 1st period - Alyn McCauley is hit by Jack Hillen and loses puck.
13:28 of 1st period - Slapshot by Éric Perrin.
13:28 of 1st period - Goal by Éric Perrin - Blackdemons : 1 - Punishers : 2.
13:29 of 1st period - Enver Lisin wins face-off versus Éric Perrin in neutral zone.
13:36 of 1st period - Jakub Kindl is hit by Keaton Ellerby.
14:31 of 1st period - Zach Jones is hit by Michael Haley and loses puck.
14:36 of 1st period - Slapshot by Matt Irwin.
14:36 of 1st period - Deflect By Shawn Matthias.
14:36 of 1st period - Stopped by Kevin Poulin with a rebound.
14:38 of 1st period - Wrist shot by Michael Haley.
14:38 of 1st period - Deflect By Barry Tallackson.
14:38 of 1st period - Shot Misses the Net.
14:38 of 1st period - Puck is out of play.
14:39 of 1st period - Sam Gagner wins face-off versus Éric Perrin in Punishers zone.
14:40 of 1st period - Slapshot by Enver Lisin.
14:40 of 1st period - Deflect By Éric Perrin.
14:40 of 1st period - Shot Blocked by Richard Zednik.
14:40 of 1st period - Puck is out of play.
14:41 of 1st period - Sam Gagner wins face-off versus Brad Isbister in Punishers zone.
14:42 of 1st period - Wrist shot by Enver Lisin.
14:42 of 1st period - Shot Blocked by Keaton Ellerby.
15:07 of 1st period - Minor Penalty to Matt Calvert for Holding.
15:08 of 1st period - Éric Perrin wins face-off versus Wayne Primeau in Blackdemons zone.
15:09 of 1st period - Wrist shot by Brad Isbister.
15:09 of 1st period - Shot Blocked by Michael Kostka.
15:11 of 1st period - Slapshot by Keaton Ellerby.
15:11 of 1st period - Stopped by Martin Biron without a rebound.
15:12 of 1st period - Éric Perrin wins face-off versus Wayne Primeau in Blackdemons zone.
15:15 of 1st period - Slapshot by Éric Perrin.
15:15 of 1st period - Goal by Éric Perrin - Blackdemons : 1 - Punishers : 3.
15:16 of 1st period - Sam Gagner wins face-off versus Éric Perrin in neutral zone.
15:27 of 1st period - Enver Lisin is hit by Justin Falk and loses puck.
15:42 of 1st period - Justin Falk is hit by Mathieu Dandenault and loses puck.
16:14 of 1st period - Slapshot by Michael Kostka.
16:14 of 1st period - Stopped by Kevin Poulin with a rebound.
16:32 of 1st period - Slapshot by Brad Isbister.
16:32 of 1st period - Stopped by Martin Biron without a rebound.
16:33 of 1st period - Éric Perrin wins face-off versus Sam Gagner in Blackdemons zone.
16:42 of 1st period - Snap shot by Sam Gagner.
16:42 of 1st period - Stopped by Kevin Poulin with a rebound.
16:58 of 1st period - Wayne Primeau is hit by Keaton Ellerby and loses puck.
17:07 of 1st period - Snap shot by Tanner Glass.
17:07 of 1st period - Stopped by Martin Biron without a rebound.
17:08 of 1st period - Brandon McMillan wins face-off versus Sam Gagner in Blackdemons zone.
17:11 of 1st period - Snap shot by Tanner Glass.
17:11 of 1st period - Stopped by Martin Biron without a rebound.
17:12 of 1st period - Brandon McMillan wins face-off versus Sam Gagner in Blackdemons zone.
17:27 of 1st period - Sam Gagner is hit by Keaton Ellerby and loses puck.
17:46 of 1st period - Snap shot by Wayne Primeau.
17:46 of 1st period - Stopped by Kevin Poulin without a rebound.
17:47 of 1st period - Éric Perrin wins face-off versus Wayne Primeau in Punishers zone.
18:06 of 1st period - Slapshot by Wayne Primeau.
18:06 of 1st period - Shot Misses the Net.
18:08 of 1st period - Snap shot by Mathieu Dandenault.
18:08 of 1st period - Shot Misses the Net.
18:10 of 1st period - Snap shot by Matt Irwin.
18:10 of 1st period - Stopped by Kevin Poulin without a rebound.
18:11 of 1st period - Mike Grier wins face-off versus Sam Gagner in Punishers zone.
18:16 of 1st period - Slapshot by Keaton Ellerby.
18:16 of 1st period - Deflect By Tanner Glass.
18:16 of 1st period - Stopped by Martin Biron with a rebound.
18:45 of 1st period - Éric Perrin is hit by Barry Tallackson and loses puck.
19:21 of 1st period - Zach Jones is hit by Sam Gagner and loses puck.
19:28 of 1st period - Wrist shot by Sam Gagner.
19:28 of 1st period - Stopped by Kevin Poulin with a rebound.
Goals for this period are 1 for Blackdemons vs 3 for Punishers.
Shots for this period are 11 for Blackdemons vs 12 for Punishers.
2nd period
0:01 of 2nd period - Enver Lisin wins face-off versus Éric Perrin in neutral zone.
0:16 of 2nd period - Keaton Ellerby is hit by Zach Boychuk.
0:31 of 2nd period - Icing by Jakub Kindl.
0:32 of 2nd period - Casey Cizikas wins face-off versus Shawn Matthias in Blackdemons zone.
0:33 of 2nd period - Snap shot by Kris Chucko.
0:33 of 2nd period - Shot Misses the Net.
0:35 of 2nd period - Wrist shot by Adam Pineault.
0:35 of 2nd period - Shot Misses the Net.
0:37 of 2nd period - Wrist shot by Adam Pineault.
0:37 of 2nd period - Shot Misses the Net.
0:39 of 2nd period - Slapshot by Adam Pineault.
0:39 of 2nd period - Deflect By Casey Cizikas.
0:39 of 2nd period - Shot Blocked by Michael Haley.
0:39 of 2nd period - Puck is out of play.
0:40 of 2nd period - Éric Perrin wins face-off versus Sam Gagner in Blackdemons zone.
0:41 of 2nd period - Snap shot by Richard Zednik.
0:41 of 2nd period - Stopped by Martin Biron without a rebound.
0:42 of 2nd period - Sam Gagner wins face-off versus Éric Perrin in Blackdemons zone.
0:59 of 2nd period - Brad Isbister is hit by Michael Kostka and loses puck.
1:26 of 2nd period - Snap shot by Enver Lisin.
1:26 of 2nd period - Stopped by Kevin Poulin with a rebound.
1:28 of 2nd period - Slapshot by Brendon Nash.
1:28 of 2nd period - Shot Misses the Net.
1:30 of 2nd period - Slapshot by Sam Gagner.
1:30 of 2nd period - Shot Misses the Net.
1:38 of 2nd period - Wrist shot by Sam Gagner.
1:38 of 2nd period - Shot Blocked by Justin Falk.
1:42 of 2nd period - Slapshot by Zach Boychuk.
1:42 of 2nd period - Stopped by Kevin Poulin without a rebound.
1:43 of 2nd period - Shawn Matthias wins face-off versus Éric Perrin in Punishers zone.
1:46 of 2nd period - Snap shot by Shawn Matthias.
1:46 of 2nd period - Stopped by Kevin Poulin without a rebound.
1:47 of 2nd period - Éric Perrin wins face-off versus Shawn Matthias in Punishers zone.
1:49 of 2nd period - Minor Penalty to Mike Weber for Slashing.
1:50 of 2nd period - Éric Perrin wins face-off versus Shawn Matthias in Punishers zone.
2:25 of 2nd period - Wrist shot by Zach Boychuk.
2:25 of 2nd period - Shot Misses the Net.
3:49 of 2nd period - Penalty to Mike Weber is over, Mike Weber is back on ice.
3:53 of 2nd period - Mike Weber is hit by Jakub Kindl.
3:59 of 2nd period - Snap shot by Tanner Glass.
3:59 of 2nd period - Shot Hit the Post.
4:05 of 2nd period - Alyn McCauley is hit by Richard Zednik and loses puck.
4:30 of 2nd period - Richard Zednik is hit by Luca Caputi.
4:34 of 2nd period - Snap shot by Alyn McCauley.
4:34 of 2nd period - Stopped by Kevin Poulin with a rebound.
4:36 of 2nd period - Slapshot by Matt Irwin.
4:36 of 2nd period - Stopped by Kevin Poulin without a rebound.
4:37 of 2nd period - Philippe Paradis wins face-off versus Wayne Primeau in Punishers zone.
4:44 of 2nd period - Slapshot by Mike Weber.
4:44 of 2nd period - Stopped by Martin Biron with a rebound.
4:46 of 2nd period - Slapshot by Mike Weber.
4:46 of 2nd period - Shot Blocked by Brendon Nash.
4:48 of 2nd period - Wrist shot by Adam McQuaid.
4:48 of 2nd period - Shot Blocked by Brendon Nash.
4:50 of 2nd period - Slapshot by Mike Weber.
4:50 of 2nd period - Shot Blocked by Brendon Nash.
4:52 of 2nd period - Slapshot by Mike Weber.
4:52 of 2nd period - Shot Misses the Net.
5:04 of 2nd period - Adam McQuaid is hit by Barry Tallackson and loses puck.
5:44 of 2nd period - Wrist shot by Barry Tallackson.
5:44 of 2nd period - Stopped by Kevin Poulin with a rebound.
5:46 of 2nd period - Slapshot by Shawn Matthias.
5:46 of 2nd period - Stopped by Kevin Poulin with a rebound.
7:01 of 2nd period - Casey Cizikas is hit by Matt Irwin and loses puck.
7:33 of 2nd period - Wayne Primeau is hit by Éric Perrin and loses puck.
7:46 of 2nd period - Wrist shot by Enver Lisin.
7:46 of 2nd period - Stopped by Kevin Poulin without a rebound.
7:47 of 2nd period - Philippe Paradis wins face-off versus Sam Gagner in Punishers zone.
8:04 of 2nd period - Zach Boychuk is hit by Erik Condra and loses puck.
8:47 of 2nd period - Slapshot by Enver Lisin.
8:47 of 2nd period - Shot Misses the Net.
8:49 of 2nd period - Snap shot by Zach Boychuk.
8:49 of 2nd period - Stopped by Kevin Poulin with a rebound.
9:17 of 2nd period - Slapshot by Keaton Ellerby.
9:17 of 2nd period - Stopped by Martin Biron with a rebound.
9:20 of 2nd period - Icing by Brendon Nash.
9:21 of 2nd period - Richard Zednik wins face-off versus Sam Gagner in Blackdemons zone.
9:24 of 2nd period - Wrist shot by Brad Isbister.
9:24 of 2nd period - Stopped by Martin Biron with a rebound.
9:26 of 2nd period - Slapshot by Mike Weber.
9:26 of 2nd period - Shot Blocked by Michael Kostka.
9:28 of 2nd period - Snap shot by Richard Zednik.
9:28 of 2nd period - Stopped by Martin Biron without a rebound.
9:29 of 2nd period - Shawn Matthias wins face-off versus Éric Perrin in Blackdemons zone.
9:45 of 2nd period - Icing by Matt Irwin.
9:46 of 2nd period - Brandon McMillan wins face-off versus Shawn Matthias in Blackdemons zone.
10:35 of 2nd period - Justin Falk is hit by Mathieu Dandenault and loses puck.
10:43 of 2nd period - Off-side.
10:44 of 2nd period - Wayne Primeau wins face-off versus Éric Perrin in neutral zone.
11:09 of 2nd period - Tanner Glass is hit by Alyn McCauley and loses puck.
11:39 of 2nd period - Wrist shot by Sam Gagner.
11:39 of 2nd period - Shot Misses the Net.
11:55 of 2nd period - Erik Condra is hit by Wayne Primeau and loses puck.
12:10 of 2nd period - Snap shot by Brad Isbister.
12:10 of 2nd period - Stopped by Martin Biron with a rebound.
12:26 of 2nd period - Mike Grier is hit by Enver Lisin and loses puck.
12:49 of 2nd period - Slapshot by Matt Irwin.
12:49 of 2nd period - Stopped by Kevin Poulin with a rebound.
12:51 of 2nd period - Wrist shot by Matt Calvert.
12:51 of 2nd period - Stopped by Kevin Poulin with a rebound.
12:53 of 2nd period - Slapshot by Mathieu Dandenault.
12:53 of 2nd period - Stopped by Kevin Poulin without a rebound.
12:54 of 2nd period - Wayne Primeau wins face-off versus Casey Cizikas in Punishers zone.
13:09 of 2nd period - Wrist shot by Kris Chucko.
13:09 of 2nd period - Stopped by Martin Biron without a rebound.
13:10 of 2nd period - Sam Gagner wins face-off versus Éric Perrin in Blackdemons zone.
13:17 of 2nd period - Snap shot by Zach Boychuk.
13:17 of 2nd period - Deflect By Sam Gagner.
13:17 of 2nd period - Stopped by Kevin Poulin without a rebound.
13:18 of 2nd period - Éric Perrin wins face-off versus Enver Lisin in Punishers zone.
13:18 of 2nd period - Éric Perrin is hit by Zach Boychuk.
13:49 of 2nd period - Wrist shot by Shawn Matthias.
13:49 of 2nd period - Shot Blocked by Brandon McMillan.
13:51 of 2nd period - Wrist shot by Barry Tallackson.
13:51 of 2nd period - Stopped by Kevin Poulin with a rebound.
13:53 of 2nd period - Wrist shot by Shawn Matthias.
13:53 of 2nd period - Shot Misses the Net.
14:28 of 2nd period - Erik Condra is hit by Matt Irwin and loses puck.
14:49 of 2nd period - Sam Gagner is hit by Éric Perrin.
15:30 of 2nd period - Wayne Primeau is hit by Keaton Ellerby and loses puck.
15:58 of 2nd period - Wrist shot by Matt Irwin.
15:58 of 2nd period - Deflect By Zach Jones.
15:58 of 2nd period - Stopped by Kevin Poulin with a rebound.
16:00 of 2nd period - Snap shot by Steven Zalewski.
16:00 of 2nd period - Shot Blocked by Jack Hillen.
16:06 of 2nd period - Minor Penalty to Brad Isbister for Tripping.
16:07 of 2nd period - Éric Perrin wins face-off versus Sam Gagner in Punishers zone.
16:35 of 2nd period - Slapshot by Jakub Kindl.
16:35 of 2nd period - Deflect By Barry Tallackson.
16:35 of 2nd period - Goal by Barry Tallackson - Blackdemons : 2 - Punishers : 3.
16:36 of 2nd period - Sam Gagner wins face-off versus Éric Perrin in neutral zone.
16:44 of 2nd period - Wrist shot by Richard Zednik.
16:44 of 2nd period - Stopped by Martin Biron without a rebound.
16:45 of 2nd period - Sam Gagner wins face-off versus Éric Perrin in Blackdemons zone.
16:58 of 2nd period - Brad Isbister is hit by Sam Gagner and loses puck.
17:15 of 2nd period - Snap shot by Brad Isbister.
17:15 of 2nd period - Shot Blocked by Brendon Nash.
17:17 of 2nd period - Slapshot by Justin Falk.
17:17 of 2nd period - Deflect By Éric Perrin.
17:17 of 2nd period - Shot Misses the Net.
17:17 of 2nd period - Puck is out of play.
17:18 of 2nd period - Brandon McMillan wins face-off versus Shawn Matthias in Blackdemons zone.
17:19 of 2nd period - Slapshot by Mike Grier.
17:19 of 2nd period - Stopped by Martin Biron with a rebound.
17:21 of 2nd period - Slapshot by Mike Weber.
17:21 of 2nd period - Stopped by Martin Biron without a rebound.
17:22 of 2nd period - Barry Tallackson wins face-off versus Brandon McMillan in Blackdemons zone.
17:53 of 2nd period - Snap shot by Richard Zednik.
17:53 of 2nd period - Stopped by Martin Biron without a rebound.
17:54 of 2nd period - Sam Gagner wins face-off versus Éric Perrin in Blackdemons zone.
18:29 of 2nd period - Slapshot by Michael Kostka.
18:29 of 2nd period - Shot Blocked by Justin Falk.
18:43 of 2nd period - Snap shot by Alyn McCauley.
18:43 of 2nd period - Stopped by Kevin Poulin with a rebound.
18:45 of 2nd period - Snap shot by Alyn McCauley.
18:45 of 2nd period - Shot Misses the Net.
18:47 of 2nd period - Wrist shot by Steven Zalewski.
18:47 of 2nd period - Shot Misses the Net.
18:49 of 2nd period - Wrist shot by Matt Irwin.
18:49 of 2nd period - Stopped by Kevin Poulin with a rebound.
18:51 of 2nd period - Wrist shot by Steven Zalewski.
18:51 of 2nd period - Shot Misses the Net.
19:18 of 2nd period - Icing by Casey Cizikas.
19:19 of 2nd period - Sam Gagner wins face-off versus Casey Cizikas in Punishers zone.
19:22 of 2nd period - Wrist shot by Enver Lisin.
19:22 of 2nd period - Stopped by Kevin Poulin without a rebound.
19:23 of 2nd period - Éric Perrin wins face-off versus Enver Lisin in Punishers zone.
19:48 of 2nd period - Steve Oleksy is hit by Adam McQuaid and loses puck.
19:53 of 2nd period - Wrist shot by Mike Grier.
19:53 of 2nd period - Shot Misses the Net.
Goals for this period are 1 for Blackdemons vs 0 for Punishers.
Shots for this period are 19 for Blackdemons vs 11 for Punishers.
3rd period
0:01 of 3rd period - Sam Gagner wins face-off versus Brad Isbister in neutral zone.
0:08 of 3rd period - Wrist shot by Sam Gagner.
0:08 of 3rd period - Shot Blocked by Simon Despres.
0:26 of 3rd period - Keaton Ellerby is hit by Mathieu Dandenault and loses puck.
0:35 of 3rd period - Snap shot by Mathieu Dandenault.
0:35 of 3rd period - Stopped by Kevin Poulin with a rebound.
0:37 of 3rd period - Backhand shot by Wayne Primeau.
0:37 of 3rd period - Stopped by Kevin Poulin without a rebound.
0:38 of 3rd period - Casey Cizikas wins face-off versus Sam Gagner in Punishers zone.
0:45 of 3rd period - Jakub Kindl is hit by Kris Chucko and loses puck.
1:04 of 3rd period - Éric Perrin is hit by Matt Irwin.
1:25 of 3rd period - Jack Hillen is hit by Wayne Primeau and loses puck.
1:33 of 3rd period - Off-side.
1:34 of 3rd period - Casey Cizikas wins face-off versus Sam Gagner in neutral zone.
1:39 of 3rd period - Backhand shot by Kris Chucko.
1:39 of 3rd period - Shot Misses the Net.
1:49 of 3rd period - Slapshot by Brendon Nash.
1:49 of 3rd period - Stopped by Kevin Poulin without a rebound.
1:50 of 3rd period - Éric Perrin wins face-off versus Shawn Matthias in Punishers zone.
2:24 of 3rd period - Snap shot by Sam Gagner.
2:24 of 3rd period - Stopped by Kevin Poulin without a rebound.
2:25 of 3rd period - Sam Gagner wins face-off versus Brandon McMillan in Punishers zone.
3:11 of 3rd period - Slapshot by Erik Condra.
3:11 of 3rd period - Stopped by Martin Biron with a rebound.
3:17 of 3rd period - Erik Condra is hit by Mathieu Dandenault and loses puck.
3:42 of 3rd period - Snap shot by Adam Pineault.
3:42 of 3rd period - Shot Misses the Net.
3:44 of 3rd period - Slapshot by Justin Falk.
3:44 of 3rd period - Shot Blocked by Michael Kostka.
4:06 of 3rd period - Snap shot by Wayne Primeau.
4:06 of 3rd period - Stopped by Kevin Poulin with a rebound.
5:17 of 3rd period - Minor Penalty to Jack Hillen for High sticking.
5:18 of 3rd period - Sam Gagner wins face-off versus Erik Condra in Punishers zone.
6:16 of 3rd period - Adam McQuaid is hit by Barry Tallackson and loses puck.
7:17 of 3rd period - Penalty to Jack Hillen is over, Jack Hillen is back on ice.
7:31 of 3rd period - Wrist shot by Mike Grier.
7:31 of 3rd period - Stopped by Martin Biron without a rebound.
7:32 of 3rd period - Steven Zalewski wins face-off versus Tanner Glass in Blackdemons zone.
7:58 of 3rd period - Zach Boychuk is hit by Justin Falk and loses puck.
8:32 of 3rd period - Slapshot by Jack Hillen.
8:32 of 3rd period - Stopped by Martin Biron without a rebound.
8:33 of 3rd period - Tanner Glass wins face-off versus Sam Gagner in Blackdemons zone.
8:53 of 3rd period - Off-side.
8:54 of 3rd period - Éric Perrin wins face-off versus Michael Haley in neutral zone.
9:09 of 3rd period - Snap shot by Brad Isbister.
9:09 of 3rd period - Shot Misses the Net.
9:24 of 3rd period - Snap shot by Tanner Glass.
9:24 of 3rd period - Shot Misses the Net.
9:26 of 3rd period - Wrist shot by Brandon McMillan.
9:26 of 3rd period - Stopped by Martin Biron without a rebound.
9:27 of 3rd period - Éric Perrin wins face-off versus Zach Boychuk in Blackdemons zone.
10:05 of 3rd period - Wrist shot by Kris Chucko.
10:05 of 3rd period - Shot Misses the Net.
10:40 of 3rd period - Erik Condra is hit by Brendon Nash and loses puck.
10:59 of 3rd period - Backhand shot by Éric Perrin.
10:59 of 3rd period - Stopped by Martin Biron with a rebound.
11:41 of 3rd period - Snap shot by Brendon Nash.
11:41 of 3rd period - Stopped by Kevin Poulin with a rebound.
11:55 of 3rd period - Minor Penalty to Brandon McMillan for Roughing.
11:56 of 3rd period - Sam Gagner wins face-off versus Éric Perrin in Punishers zone.
11:57 of 3rd period - Snap shot by Enver Lisin.
11:57 of 3rd period - Shot Misses the Net.
11:59 of 3rd period - Wrist shot by Enver Lisin.
11:59 of 3rd period - Stopped by Kevin Poulin with a rebound.
12:03 of 3rd period - Wrist shot by Enver Lisin.
12:03 of 3rd period - Stopped by Kevin Poulin with a rebound.
12:05 of 3rd period - Slapshot by Jakub Kindl.
12:05 of 3rd period - Stopped by Kevin Poulin with a rebound.
12:07 of 3rd period - Snap shot by Jakub Kindl.
12:07 of 3rd period - Shot Blocked by Éric Perrin.
12:09 of 3rd period - Snap shot by Zach Boychuk.
12:09 of 3rd period - Stopped by Kevin Poulin with a rebound.
13:12 of 3rd period - Snap shot by Erik Condra.
13:12 of 3rd period - Shot Misses the Net.
13:24 of 3rd period - Sam Gagner is hit by Mike Weber and loses puck.
13:55 of 3rd period - Penalty to Brandon McMillan is over, Brandon McMillan is back on ice.
14:16 of 3rd period - Steve Oleksy is hit by Zach Jones and loses puck.
16:02 of 3rd period - Matt Irwin is hit by Philippe Paradis.
16:03 of 3rd period - Icing by Matt Irwin.
16:04 of 3rd period - Alyn McCauley wins face-off versus Philippe Paradis in Blackdemons zone.
16:39 of 3rd period - Snap shot by Jack Hillen.
16:39 of 3rd period - Deflect By Mathieu Dandenault.
16:39 of 3rd period - Stopped by Martin Biron without a rebound.
16:40 of 3rd period - Éric Perrin wins face-off versus Shawn Matthias in Blackdemons zone.
16:43 of 3rd period - Snap shot by Richard Zednik.
16:43 of 3rd period - Shot Blocked by Michael Haley.
17:01 of 3rd period - Justin Falk is hit by Jakub Kindl and loses puck.
17:19 of 3rd period - Keaton Ellerby is hit by Matt Irwin and loses puck.
17:22 of 3rd period - Snap shot by Keaton Ellerby.
17:22 of 3rd period - Deflect By Casey Cizikas.
17:22 of 3rd period - Shot Blocked by Jakub Kindl.
17:22 of 3rd period - Puck is out of play.
17:23 of 3rd period - Sam Gagner wins face-off versus Tanner Glass in Blackdemons zone.
17:28 of 3rd period - Brandon McMillan is hit by Sam Gagner and loses puck.
17:59 of 3rd period - Snap shot by Adam Pineault.
17:59 of 3rd period - Shot Misses the Net.
18:17 of 3rd period - Slapshot by Steve Oleksy.
18:17 of 3rd period - Deflect By Éric Perrin.
18:17 of 3rd period - Stopped by Kevin Poulin with a rebound.
18:19 of 3rd period - Slapshot by Steve Oleksy.
18:19 of 3rd period - Stopped by Kevin Poulin with a rebound.
18:29 of 3rd period - Enver Lisin is hit by Zach Jones and loses puck.
18:38 of 3rd period - Tanner Glass is hit by Sam Gagner and loses puck.
18:51 of 3rd period - Snap shot by Jakub Kindl.
18:51 of 3rd period - Shot Blocked by Keaton Ellerby.
18:53 of 3rd period - Wrist shot by Enver Lisin.
18:53 of 3rd period - Shot Blocked by Richard Zednik.
18:59 of 3rd period - Snap shot by Enver Lisin.
18:59 of 3rd period - Shot Misses the Net.
19:01 of 3rd period - Blackdemons, Martin Biron is pulled from the net.
19:01 of 3rd period - Snap shot by Barry Tallackson.
19:01 of 3rd period - Shot Blocked by Keaton Ellerby.
19:03 of 3rd period - Slapshot by Barry Tallackson.
19:03 of 3rd period - Stopped by Kevin Poulin without a rebound.
19:04 of 3rd period - Guy Boucher call a timeout for Blackdemons.
19:04 of 3rd period - Sam Gagner wins face-off versus Éric Perrin in Punishers zone.
19:11 of 3rd period - Snap shot by Enver Lisin.
19:11 of 3rd period - Deflect By Barry Tallackson.
19:11 of 3rd period - Stopped by Kevin Poulin without a rebound.
19:12 of 3rd period - Éric Perrin wins face-off versus Sam Gagner in Punishers zone.
19:12 of 3rd period - Éric Perrin is hit by Michael Kostka.
19:15 of 3rd period - Minor Penalty to Éric Perrin for Holding.
19:16 of 3rd period - Erik Condra wins face-off versus Sam Gagner in Punishers zone.
19:22 of 3rd period - Wrist shot by Brad Isbister.
19:22 of 3rd period - Shot Misses the Net.
Goals for this period are 0 for Blackdemons vs 0 for Punishers.
Shots for this period are 14 for Blackdemons vs 6 for Punishers.
Output by the SimonT Hockey Simulator (STHS) for François Prévost -- Original Page W3C XHTML 1.0 Valid